 Dungeon Crawl Stone Soup version 0.28-a0-43-g560ac104fe (webtiles) character file.

Game seed: 1932407854273197833

386 Sin92 the Skirmisher (level 6, 0/48 HPs)
             Began as a Demonspawn Fighter on July 28, 2021.
             Slain by an orc priest (4 damage)
             ... on level 4 of the Dungeon.
             The game lasted 00:06:31 (3287 turns).

Sin92 the Skirmisher (Demonspawn Fighter)           Turns: 3287, Time: 00:06:31

Health: 0/48       AC: 11    Str: 16    XL:     6   Next: 48%
Magic:  6/6        EV:  5    Int: 10    God:
Gold:   159        SH:  9    Dex: 14    Spells: 5/5 levels left

rFire   . . .      SeeInvis .   a - +1 long sword (vorpal)
rCold   . . .      Faith    .   c - +0 kite shield
rNeg    . . .      Spirit   .   i - +0 chain mail
rPois   .          Reflect  .   (no helmet)
rElec   .          Harm     .   (no cloak)
rCorr   .          Rampage  .   e - +1 pair of gloves
Will    .....                   (boots unavailable)
Stlth   ..........              (no amulet)
HPRegen 0.16/turn               (no ring)
MPRegen 0.10/turn               (no ring)

@: no status effects
A: talons 3, demonic guardian 1
a: no special abilities


You were on level 4 of the Dungeon.
You visited 1 branch of the dungeon, and saw 4 of its levels.

You collected 159 gold pieces.

Inventory:

Hand Weapons
 a - a +1 vorpal long sword (weapon)
Armour
 b - a +0 scale mail
 c - a +0 kite shield (worn)
 e - a +1 pair of gloves (worn)
 i - a +0 chain mail (worn)
 j - a +0 pair of boots
Scrolls
 f - a scroll of holy word {unknown}
 g - 2 scrolls of identify
 k - a scroll of teleportation
Potions
 h - a potion of ambrosia {unknown}


   Skills:
 + Level 3.9 Fighting
 * Level 3.9 Long Blades
 + Level 3.6 Armour
 + Level 2.1 Dodging
 + Level 3.7 Shields


You had 5 spell levels left.
You didn't know any spells.
Your spell library contained the following spells:

 Spells                   Type           Power      Damage    Failure   Level
 Animate Dead             Necr           0%         N/A       100%        4
 Haunt                    Necr/Summ      0%         N/A       100%        7
 Infestation              Necr           0%         N/A       100%        8


Dungeon Overview and Level Annotations

Branches:
Dungeon (4/15)
 Temple: D:4-7

Altars:
Dithmenos
Elyvilon

Shops:
D:2 [   D:4 [


Innate Abilities, Weirdness & Mutations

You have claws for feet.
A weak demonic guardian rushes to your aid.


Message History

The orc dies!
Your white imp barely misses the orc.
The orc hits you but does no damage.
You closely miss the orc. You claw the orc!
You kill the orc!
Something closely misses your white imp.
The orc priest miscasts a cantrip.
You block the kobold's attack.
You slash the kobold!
You kill the kobold!
Your white imp barely misses the orc.
The orc hits your white imp with a +0 flail!
Your white imp closely misses the orc.
The orc closely misses your white imp.
Your white imp gestures at the orc.
The puff of frost hits the orc!
The orc dies!
You see here a +0 whip.
You are too injured to fight recklessly!
A goblin comes into view. It is wielding a +0 dagger.
You are too injured to fight recklessly!
There are monsters nearby!
You are too injured to fight recklessly!
Unknown command.
Unknown command.
There are monsters nearby!
You are too injured to fight recklessly!
Unknown command.
There are monsters nearby!
You are too injured to fight recklessly!
You are too injured to fight recklessly!
You swap places.
You hit the orc priest. You claw the orc priest.
The orc priest is severely wounded.
The orc priest calls upon Beogh to heal the orc priest.
The orc priest is healed somewhat.
The orc priest mumbles some strange prayers to Beogh against you.
Beogh smites you!
* * * LOW HITPOINT WARNING * * *
A demonic guardian appears!
The orc priest hits you with a +0 club.
You die...

........# .8...8..##
.........# .........#
.........####
.8...8......#####
....o...#.......### ##
.#########)#.........###.
..g....)@oo.#............
........55#..#..........#
........#####...........#
......### #.#.∩.......#
....## #.###.......# ..##
#.# ###.....# # ...
#####.# ... ### ....


You could see 2 orc priests, a goblin, a friendly quasit (summoned) and a
friendly white imp (summoned).

Vanquished Creatures
  A necrophage (D:3)
  A scorpion (D:4)
  A water moccasin skeleton (D:4)
  2 orc wizards
  4 adders
  4 worms
  2 dart slugs
  5 orcs
  8 endoplasms
  3 giant cockroaches
  10 goblins
  2 hobgoblins
  8 jackals
  8 kobolds
  2 quokkas
  5 ball pythons
  7 bats
  4 frilled lizards
  4 rats
81 creatures vanquished.

Vanquished Creatures (collateral kills)
  4 orcs (D:4)
4 creatures vanquished.

Vanquished Creatures (others)
  31 plants (D:4)
31 creatures vanquished.

Grand Total: 116 creatures vanquished

Notes
Turn   | Place    | Note
-------+----------+-------------------------------------------
     0 | D:1      | Sin92 the Demonspawn Fighter began the quest for the Orb.
     0 | D:1      | Reached XP level 1. HP: 18/18 MP: 1/1
   234 | D:1      | Gained mutation: You have sharp toenails. [demonic
                  | ancestry]
   234 | D:1      | Reached XP level 2. HP: 24/24 MP: 2/2
   827 | D:2      | Gained mutation: A weak demonic guardian rushes to your
                  | aid. [demonic ancestry]
   827 | D:2      | Reached XP level 3. HP: 28/29 MP: 3/3
   896 | D:2      | Found Hammaf's Armour Shop.
  1005 | D:2      | Found a faded altar of an unknown god.
  1020 | D:2      | Reached skill level 1 in Dodging
  1242 | D:2      | Gained mutation: You have razor-sharp toenails. [demonic
                  | ancestry]
  1242 | D:2      | Reached XP level 4. HP: 35/35 MP: 4/4
  2320 | D:3      | Found a shadowy altar of Dithmenos.
  2350 | D:3      | Reached XP level 5. HP: 41/41 MP: 5/5
  2355 | D:3      | Noticed a necrophage
  2367 | D:3      | Killed a necrophage
  2805 | D:4      | Gained mutation: You have claws for feet. [demonic
                  | ancestry]
  2805 | D:4      | Reached XP level 6. HP: 45/48 MP: 6/6
  3262 | D:4      | Found Miohasal's Armour Shop.
  3287 | D:4      | Slain by an orc priest

Illustrated notes

Levels and vault maps discovered:
D:1:      ebering_trefoil_3fold, layout_loops_ring, minmay_misc_feat_rugged
D:2:      layout_loops_corners, serial_shops, shop,
          hellmonk_ecumenical_altar_blasted
D:3:      layout_loops_cross, mainiacjoe_overflow_paths,
          nicolae_dithmenos_shadow_blocks
D:4:      cheibrodos_pilgrimage, layout_cave_pods, serial_shops, shop,
          nicolae_shop_crystal, shop_statue, shop_fountains,
          nicolae_shop_waterfront, serial_bayou, serial_bayou_shore_b,
          serial_bayou_lagoon_a, serial_bayou_pond_e, serial_bayou_shore_b,
          serial_bayou_ford_a

Skill      XL: |  1  2  3  4  5  6 |
---------------+-------------------+-----
Long Blades    | 2 3 |  3.9
Armour         | 3 |  3.6
Dodging        | 1 2 |  2.1
Shields        | 3 |  3.7
Fighting       | |  3.9

Action                   |  1- 3 |  4- 6 || total
-------------------------+-------+-------++-------
Melee: Long sword        |    97 |    89 ||   186
       Kick              |    13 |    22 ||    35
  Use: Scroll            |     3 |     5 ||     8
       Potion            |       |     4 ||     4
 Stab: Invisible         |       |     1 ||     1
Armor: Scale mail        |    27 |       ||    27
       Chain mail        |    34 |    55 ||    89
       Skin              |       |    24 ||    24
Dodge: Dodged            |    31 |    20 ||    51
Block: Kite shield       |    48 |    47 ||    95
       Rpst.: Long sword |     6 |     8 ||    14

Table legend: (Time is in decaauts)
 A = Elapsed time spent in this place.
 B = Non-inter-level travel time spent in this place.
 C = Inter-level travel time spent in this place.
 D = Time resting spent in this place.
 E = Time spent auto-exploring this place.
 F = Levels seen in this place.
 G = Mean time per level.
                   A        B        C        D        E       F      G
               +--------+--------+--------+--------+--------+-----+--------+
         Total |   3382 |   3306 |     76 |    512 |   2219 |   4 |  845.5 |
       Dungeon |   3382 |   3306 |     76 |    512 |   2219 |   4 |  845.5 |
               +--------+--------+--------+--------+--------+-----+--------+

Top non-repeatable levels by time:
     D:2: 1021 daAuts
     D:3: 1010 daAuts
     D:1: 835 daAuts
     D:4: 514 daAuts
